AoeStats
← Sgt. Paulto

Arabia

506962459Analyzed
2v2 RM · 16d ago on Sep 16, 2026· 61m 19s· 4 players
Game mode
Random Map
Map size
Medium (4 player)
Population
200
Speed
Normal
Resources
Standard
Victory
Conquest
Starting age
Dark Age
Ending age
Imperial Age
RankedLock teamsTeams togetherTeam positionsShared explorationLock speedFull tech treeHidden civsTurbo modeCheats
Victory
Defeat
🇺🇸 Mongols · United States
911
+11
🇺🇸 Spanish · United States
824
+30
🇺🇸 Malians · United States
837
-14
🇧🇷 Chinese · Brazil
768
-12
alberttoely.vaz
8:40 Loom
11:18 Feudal Age
12:27 Horse Collar
15:35 Bloodlines
17:15 Scale Barding Armor
18:25 Fletching
18:59 Padded Archer Armor
19:12 Double-Bit Axe
28:10 Castle Age
26:46 Wheelbarrow
29:26 Elite Skirmisher
30:48 Bow Saw
30:58 Crossbowman
31:31 Town Watch
32:15 Husbandry
31:38 Light Cavalry
34:24 Forging
42:58 Heavy Plow
45:19 Chain Barding Armor
49:44 Iron Casting
jão2k
3:07 Loom
9:43 Feudal Age
17:09 Bloodlines
25:46 Castle Age
Sgt. Paulto
12:45 Feudal Age
14:04 Wheelbarrow
22:59 Castle Age
21:29 Gold Mining
21:23 Horse Collar
21:31 Double-Bit Axe
22:09 Scale Barding Armor
23:42 Bloodlines
24:32 Forging
27:50 Hand Cart
28:34 Chain Barding Armor
28:50 Iron Casting
28:41 Chain Barding Armor
42:43 Caravan
46:38 Imperial Age
45:13 Padded Archer Armor
46:24 Ballistics
48:47 Cavalier
49:28 Husbandry
49:34 Husbandry
50:47 Plate Barding Armor
55:20 Paladin
Blue_Silver
7:18 Loom
9:30 Feudal Age
10:11 Double-Bit Axe
16:17 Fletching
16:28 Padded Archer Armor
23:17 Castle Age
23:39 Gold Mining
24:32 Thumb Ring
23:49 Crossbowman
24:54 Bodkin Arrow
31:53 Gold Shaft Mining
38:40 Imperial Age
39:50 Wheelbarrow
38:43 Arbalester
41:40 Hand Cart
41:10 Town Watch
41:45 Bracer
41:55 Horse Collar
42:10 Stone Mining
44:02 Chemistry
44:54 Fervor
45:52 Town Patrol
46:15 Heavy Plow
46:32 Leather Archer Armor
46:50 Conscription
47:36 Bow Saw
48:35 Drill
47:38 Capped Ram
48:34 Siege Ram
55:04 Forging
55:00 Scale Barding Armor
55:30 Murder Holes
55:42 Siege Engineers
55:47 Masonry
56:37 Husbandry
59:26 Chain Barding Armor
59:42 Iron Casting
59:20 Bloodlines
58:33 Light Cavalry
59:57 Stone Shaft Mining
Connection lost

Rejoining the realm…

Still unreachable

The connection could not be restored.

Session expired

The server has moved on; the page needs a fresh start.